 Dungeon Crawl Stone Soup version 0.26.1-11-gd32895ea62 (webtiles) character file.

Game seed: 6722034461251055454

50910 raph the Earth Mage (level 14, -4/83 HPs)
             Began as a Gargoyle Earth Elementalist on May 21, 2021.
             Was an Initiate of Gozag.
             Splashed with acid (14 damage)
             ... on level 11 of the Dungeon.
             The game lasted 01:12:31 (33074 turns).

raph the Earth Mage (Gargoyle Earth Elementalist)  Turns: 33074, Time: 01:12:31

Health: -4/83      AC: 11    Str: 17    XL:     14   Next: 57%
Magic:  32/32      EV: 18    Int: 19    God:    Gozag
Gold:   692        SH:  5    Dex: 19    Spells: 11/26 levels left

rFire    . . .     SeeInvis +   a - +6 morningstar (freeze)
rCold    . . .     Faith    .   (no shield)
rNeg     + . .     Spirit   .   z - +1 troll leather armour of Beogh's Whim {Regen+ Str+3 SInv Stlth+}
rPois    ∞         Reflect  +   S - +2 hat
rElec    +         Harm     .   u - scarf {shadows}
rCorr    .         Rampage  .   M - +1 pair of gloves
Will     +....                  e - +2 pair of boots
Stlth    ++++++....             G - amulet "Witrer" {Reflect *Corrode Dex+3 SH+5 SInv Stlth+}
HPRegen  0.63/turn              k - +6 ring of dexterity
MPRegen  0.23/turn              f - ring of magical power

@: corroded, flying, studying Dodging
A: big wings, negative energy resistance 1, electricity resistance, unbreathing,
petrification resistance, miasma immunity, AC +10
a: Stop Flying, Renounce Religion, Potion Petition, Call Merchant, Bribe Branch


You were on level 11 of the Dungeon.
You worshipped Gozag.
Gozag was pleased with you.
You visited 3 branches of the dungeon, and saw 19 of its levels.
You also visited: Ossuary.

You collected 6831 gold pieces.
You spent 2960 gold pieces at shops.
You paid 3179 gold pieces to Gozag.

Inventory:

Hand Weapons
 a - a +6 morningstar of freezing (weapon)
Missiles
 L - 217 stones
Armour
 e - a +2 pair of boots (worn)
 g - a scarf of repulsion
 p - a +2 robe of fire resistance
 u - a scarf of shadows (worn)
 z - the +1 troll leather armour of Beogh's Whim (worn) {Regen+ Str+3 SInv Stlth+}
   (You bought it in a shop on level 3 of the Lair of Beasts)

   It affects your strength (+3).
   It lets you see invisible.
   It increases your rate of regeneration.
   It makes you more stealthy.
 M - a +1 pair of gloves (worn)
 S - a +2 hat (worn)
Magical Staves
 b - an uncursed staff of conjuration
 D - an uncursed staff of fire
Jewellery
 d - an uncursed ring of protection from cold
 f - a ring of magical power (right hand)
 j - an uncursed ring of willpower
 k - a +6 ring of dexterity (left hand)
 m - an uncursed amulet of reflection
 G - the amulet "Witrer" (around neck) {Reflect *Corrode Dex+3 SH+5 SInv Stlth+}
   (You bought it in a shop on level 2 of the Orcish Mines)

   [amulet of reflection]

   It shields you and reflects attacks.
   It affects your dexterity (+3).
   It lets you see invisible.
   It may corrode you when you take damage.
   It affects your SH (+5).
   It makes you more stealthy.
Wands
 l - a wand of polymorph (23)
 B - a wand of paralysis (5)
 J - a wand of digging (1)
 N - a wand of random effects (35)
 T - a wand of iceblast (6)
 U - a wand of flame (19)
Scrolls
 i - 2 scrolls of identify
 v - 5 scrolls of amnesia
 y - 10 scrolls of remove curse
 A - a scroll of teleportation
 Q - a scroll of summoning
 R - a scroll of magic mapping
Potions
 c - 5 potions of cancellation
 h - 2 potions of brilliance
 n - 3 potions of resistance
 o - 2 potions of haste
 q - 2 potions of mutation
 r - 4 potions of flight
 s - 5 potions of lignification
 t - 6 potions of heal wounds
 w - 9 potions of curing
 x - 2 potions of magic
 C - a potion of invisibility
 F - 4 potions of ambrosia
 K - 3 potions of might
 O - a potion of berserk rage
Books
 E - a manual of Dodging
Miscellaneous
 H - a condenser vane
 P - a lightning rod (2/4)


   Skills:
 - Level 7.9 Fighting
 * Level 12.3 Maces & Flails
 + Level 3.0 Armour
 + Level 8.2 Dodging
 - Level 8.4 Stealth
 - Level 6.5 Spellcasting
 - Level 4.4 Conjurations
 - Level 0.7 Transmutations
 * Level 17.6 Earth Magic


You had 11 spell levels left.
You knew the following spells:

 Your Spells              Type           Power        Failure   Level
a - Sandblast             Erth           72%          0%          1
b - Passwall              Tmut/Erth      16%          1%          2
c - Stone Arrow           Conj/Erth      48%          1%          3
d - Lee's Rapid Deconstr  Erth           18%          1%          5
e - Petrify               Tmut/Erth      20%          3%          4

Your spell library contained the following spells:

 Spells                   Type           Power        Failure   Level
 Beastly Appendage        Tmut           8%           10%         1
 Wereblood                Tmut           4%           14%         2
 Conjure Flame            Conj/Fire      7%           16%         3
 Poisonous Vapours        Pois/Air       6%           19%         2
 Mephitic Cloud           Conj/Pois/Air  5%           21%         3
 Spider Form              Tmut/Pois      1%           32%         3
 Ice Form                 Ice/Tmut       3%           73%         4
 Irradiate                Conj/Tmut      3%           77%         5
 Blade Hands              Tmut           2%           95%         5
 Freezing Cloud           Conj/Ice/Air   2%           100%        6
 Hydra Form               Tmut           2%           100%        6
 Dragon Form              Tmut           2%           100%        7
 Statue Form              Tmut/Erth      Unusable     N/A         6

Dungeon Overview and Level Annotations

Branches:
Dungeon (11/15)            Temple (0/1) D:5            Lair (6/6) D:8
  Swamp (0/4) Lair:3        Snake (0/4) Lair:2          Orc (2/2) D:10
    Elf (0/3) Orc:2       Ossuary (visited)
  Slime: Lair:5-6

Altars:
Gozag
Hepliaklqana
Kikubaaqudgha
Okawaru
Uskayaw
Xom
Yredelemnul
Beogh

Shops:
D:10 (   Orc:2 ![(*==!   Lair:3 [

Annotations:
D:11 1 transporter


Innate Abilities, Weirdness & Mutations

You are resistant to torment.
Your stone body is resilient. (AC +10)
You are immune to poison.
Your large and strong wings let you fly indefinitely.
You resist negative energy. (rN+)
You are resistant to electric shocks. (rElec)
You can survive without breathing.
You are immune to petrification.
You are immune to miasma.


Message History

You now have 677 gold pieces (gained 18).
You now have 692 gold pieces (gained 15).
Really fly into a travel-excluded area?
You are engulfed in acidic fog.
The acid corrodes you!
You are splashed with acid!
You are engulfed in acidic fog.
You are splashed with acid!
You see here a book of Transfigurations.
You pick up a book of Transfigurations and begin reading...
You add the spells Irradiate, Hydra Form and Dragon Form to your library.
You are engulfed in acidic fog.
The acid corrodes you!
You are splashed with acid!
* * * LOW HITPOINT WARNING * * *
Okay, then.
You feel much better.
You are engulfed in acidic fog.
You are splashed with acid!
* * * LOW HITPOINT WARNING * * *
x2 You are engulfed in acidic fog.
The acid corrodes you!
You are splashed with acid!
You die...
Your body crumbles into a pile of gold.

.#######...#............#
.............###..#####.#
...#####...### #..# #.#
.......##.## #..# #.#
.#####...########.# #.# .#
####.#○○°○☼######### .#
#.#☼°○°☼#○°°○○☼# .#
##.#○○○°.#○○○°☼○#### ##
##..#)$☼°°@.#.#○☼#..##
#######..©#©|○○°....©°○#©..#
#.........#([°○☼○.#.#○○#...#
#.###.#####○☼○°°#°☼○○☼°#...#
#.#
#.....#○○○○.#☼☼°☼°○###.######
#.#
#######°☼.○○########.........
..####....######
#.###.########. .......####
#.....########. ########
###.###..........


There were no monsters in sight!

Vanquished Creatures
  An orc warlord (Orc:2)
  3 hydras
  5 two-headed ogres
  An ogre mage (Orc:2)
  2 orc high priests (Orc:2)
  A deep troll (Orc:1)
  A lindwurm (Lair:3)
  An orc knight (Orc:2)
  A cyclops (Orc:1)
  3 orc sorcerers
  An elephant (Lair:4)
  An ugly thing (D:11)
  3 black mambas
  3 torpor snails
  2 molten gargoyles (Lair:5)
  Psyche (D:8)
  13 cane toads
  4 rime drakes
  A komodo dragon (Lair:6)
  4 trolls
  A hornet (D:8)
  Grinder (D:5)
  11 blink frogs
  A polar bear (Lair:1)
  2 wraiths (D:10)
  2 basilisks
  59 yaks
  4 wyverns
  2 steam dragons
  Grum (D:8)
  9 vampire mosquitoes
  6 wargs
  4 acid dragons (D:11)
  3 nagas (Lair:2)
  13 water moccasins
  33 orc warriors
  5 sky beasts
  5 black bears
  3 phantoms
  15 wolves
  12 ogres
  9 centaurs
  A big kobold (D:9)
  2 elf zombies (Ossuary)
  18 bullfrogs
  2 wyvern skeletons
  5 scorpions
  6 killer bees (D:9)
  18 wights
  A howler monkey (D:9)
  A bullfrog zombie (D:5)
  5 lava snakes (Lair:5)
  A quasit (D:10)
  15 orc priests
  4 centaur skeletons
  7 hounds
  2 human zombies (Ossuary)
  5 jellies
  A bullfrog skeleton (D:7)
  A gnoll shaman (D:7)
  Jessica (D:2)
  7 iguanas
  32 orc wizards
  8 worker ants
  A killer bee zombie (D:7)
  A big kobold zombie (Ossuary)
  A hound zombie (D:5)
  5 hound skeletons
  A howler monkey zombie (D:10)
  3 mummies
  2 worker ant zombies
  3 gnolls (D:7)
  10 adders
  3 shadow imps
  3 ufetubi
  3 adder zombies
  2 oozes
  An adder skeleton (D:8)
  3 worms
  2 dart slugs (D:1)
  2 leopard geckos
  121 orcs
  7 giant cockroaches
  4 goblins
  3 hobgoblins
  2 jackals (D:8)
  12 kobolds
  6 quokkas
  A ball python (D:2)
  9 bats
  5 frilled lizards
  12 hobgoblin zombies (Ossuary)
  A jackal zombie (Ossuary)
  11 kobold zombies
  2 leopard gecko skeletons (D:4)
  8 orc zombies
  4 rats
650 creatures vanquished.

Vanquished Creatures (collateral kills)
  A blink frog (Lair:5)
1 creature vanquished.

Vanquished Creatures (others)
  107 fungi
  151 plants
258 creatures vanquished.

Grand Total: 909 creatures vanquished

Notes
Turn   | Place    | Note
-------+----------+-------------------------------------------
     0 | D:1      | raph the Gargoyle Earth Elementalist began the quest for
                  | the Orb.
     0 | D:1      | Reached XP level 1. HP: 10/10 MP: 3/3
   153 | D:1      | Reached skill level 4 in Earth Magic
   186 | D:1      | Reached XP level 2. HP: 15/15 MP: 0/5
  1172 | D:2      | Found an opulent altar of Gozag.
  1222 | D:2      | Learned a level 2 spell: Passwall
  1277 | D:2      | Became a worshipper of Gozag Ym Sagoz the Greedy
  1321 | D:2      | Noticed Jessica
  1326 | D:2      | Killed Jessica
  1327 | D:2      | Reached skill level 5 in Earth Magic
  1327 | D:2      | Reached XP level 3. HP: 19/19 MP: 6/6
  1401 | D:2      | Learned a level 3 spell: Stone Arrow
  1538 | D:2      | Reached XP level 4. HP: 22/24 MP: 7/7
  1689 | D:2      | Reached skill level 6 in Earth Magic
  1920 | D:3      | Found an ancient bone altar of Kikubaaqudgha.
  2398 | D:3      | Reached XP level 5. HP: 28/28 MP: 8/8
  2538 | D:3      | Reached skill level 7 in Earth Magic
  3037 | D:4      | Noticed a +0 hand axe
  3037 | D:4      | Noticed a +0 dagger
  3083 | D:4      | Found an iron altar of Okawaru.
  3093 | D:4      | Reached skill level 1 in Conjurations
  3093 | D:4      | Reached XP level 6. HP: 30/32 MP: 9/9
  3219 | D:4      | Found a hide-covered altar of Uskayaw.
  3225 | D:4      | Noticed a phantom
  3240 | D:4      | Killed a phantom
  3241 | D:4      | Reached skill level 8 in Earth Magic
  3304 | D:4      | Noticed an orc warrior
  3405 | D:4      | Found a sand-covered staircase.
  3444 | Ossuary  | Entered an ossuary
  3926 | Ossuary  | Reached XP level 7. HP: 28/36 MP: 10/10
  4052 | Ossuary  | Reached skill level 9 in Earth Magic
  4879 | D:4      | Reached skill level 10 in Earth Magic
  4879 | D:4      | Reached XP level 8. HP: 41/41 MP: 10/11
  4943 | D:4      | Learned a level 5 spell: Lee's Rapid Deconstruction
  5060 | D:5      | Entered Level 5 of the Dungeon
  5139 | D:5      | Identified a scroll of acquirement
  5139 | D:5      | Acquired a scarf of shadows
  5382 | D:5      | Noticed Grinder
  5392 | D:5      | Killed Grinder
  5393 | D:5      | Reached skill level 1 in Fighting
  5688 | D:5      | Found a staircase to the Ecumenical Temple.
  6577 | D:6      | Reached skill level 11 in Earth Magic
  6577 | D:6      | Reached XP level 9. HP: 47/49 MP: 7/13
  7068 | D:6      | Found a hazy altar of Hepliaklqana.
  8816 | D:7      | You fall into a shaft and drop 1 floor!
  8906 | D:8      | Reached skill level 1 in Maces & Flails
  9046 | D:8      | Found an iron altar of Okawaru.
  9084 | D:8      | Reached skill level 5 in Stealth
  9329 | D:8      | Reached skill level 12 in Earth Magic
  9393 | D:8      | Reached XP level 10. HP: 54/57 MP: 4/16
  9398 | D:8      | Learned a level 4 spell: Petrify
  9919 | D:8      | Noticed Grum
  9932 | D:8      | Killed Grum
 10468 | D:8      | Found a staircase to the Lair.
 10655 | D:8      | Found a basalt altar of Yredelemnul.
 10730 | D:8      | Noticed Psyche
 10735 | D:8      | Killed Psyche
 11404 | D:8      | Noticed a two-headed ogre
 11411 | D:8      | Killed a two-headed ogre
 11412 | D:8      | Reached skill level 5 in Fighting
 11650 | Lair:1   | Entered Level 1 of the Lair of Beasts
 11685 | Lair:1   | Noticed a black mamba
 11739 | Lair:1   | Killed a black mamba
 11835 | Lair:1   | Reached skill level 13 in Earth Magic
 11838 | Lair:1   | Reached skill level 5 in Spellcasting
 11841 | Lair:1   | Reached skill level 5 in Maces & Flails
 11841 | Lair:1   | Reached XP level 11. HP: 38/64 MP: 9/18
 12329 | Lair:1   | You fall into a shaft and drop 1 floor!
 13495 | Lair:1   | Noticed an eight-headed hydra
 13543 | Lair:1   | Killed an eight-headed hydra
 13831 | Lair:1   | Found a shimmering altar of Xom.
 14248 | Lair:2   | Reached skill level 5 in Dodging
 14402 | Lair:2   | Noticed a six-headed hydra
 14790 | Lair:1   | Killed a six-headed hydra
 15531 | Lair:1   | Reached skill level 14 in Earth Magic
 15675 | Lair:1   | Reached XP level 12. HP: 53/71 MP: 13/20
 16355 | Lair:2   | Found a staircase to the Snake Pit.
 18566 | Lair:3   | Found a staircase to the Swamp.
 18677 | Lair:3   | Bought the +1 troll leather armour of Beogh's Whim {Regen+
                  | Str+3 SInv Stlth+} for 483 gold pieces
 18677 | Lair:3   | Bought a +0 hat for 48 gold pieces
 19777 | Lair:4   | Reached skill level 15 in Earth Magic
 20724 | Lair:5   | Reached XP level 13. HP: 52/78 MP: 22/22
 21505 | Lair:5   | You fall into a shaft and drop 1 floor!
 21505 | Lair:6   | Entered Level 6 of the Lair of Beasts
 21674 | Lair:6   | Reached skill level 10 in Maces & Flails
 21717 | Lair:6   | Reached skill level 16 in Earth Magic
 24119 | D:10     | Entered Level 10 of the Dungeon
 24545 | D:10     | Found a shimmering altar of Xom.
 24557 | D:10     | Found a staircase to the Orcish Mines.
 24811 | D:10     | Found Sakhlufou's Weapon Shoppe.
 26084 | Orc:1    | Entered Level 1 of the Orcish Mines
 26108 | Orc:1    | Paralysed by an orc sorcerer for 7 turns
 26417 | Orc:1    | Found a roughly hewn altar of Beogh.
 26513 | Orc:2    | Entered Level 2 of the Orcish Mines
 26514 | Orc:2    | Found a staircase to the Elven Halls.
 26781 | Orc:2    | Gained mutation: Your large and strong wings let you fly
                  | indefinitely. [Gargoyle growth]
 26781 | Orc:2    | Reached XP level 14. HP: 83/83 MP: 18/23
 26966 | Orc:2    | Reached skill level 17 in Earth Magic
 27121 | Orc:2    | Found Nietsycu's Distillery.
 27133 | Orc:2    | Bought a potion of brilliance for 64 gold pieces
 27133 | Orc:2    | Bought a potion of heal wounds for 80 gold pieces
 27133 | Orc:2    | Bought a potion of might for 64 gold pieces
 27794 | Orc:2    | Found a roughly hewn altar of Beogh.
 28515 | Orc:2    | Noticed an orc warlord
 28540 | Orc:2    | Reached skill level 1 in Armour
 28554 | Orc:2    | Killed an orc warlord
 28755 | Orc:2    | Found Doclo's Antique Weapon Boutique.
 28756 | Orc:2    | Found a roughly hewn altar of Beogh.
 28759 | Orc:2    | Found Izxoutep's Antique Armour Shop.
 28849 | Orc:2    | Found a roughly hewn altar of Beogh.
 28860 | Orc:2    | Found Dabixeit's Jewellery Emporium.
 29040 | Orc:2    | Found a roughly hewn altar of Beogh.
 29149 | Orc:2    | Found Padekil's Distillery.
 29159 | Orc:2    | Bought a potion of might for 48 gold pieces
 29159 | Orc:2    | Bought a potion of might for 48 gold pieces
 29392 | Orc:2    | Found a roughly hewn altar of Beogh.
 29725 | Orc:2    | Found a roughly hewn altar of Beogh.
 31383 | Orc:2    | Bought the amulet "Witrer" {Reflect *Corrode Dex+3 SH+5
                  | SInv Stlth+} for 625 gold pieces
 31396 | Orc:2    | Bought 2 potions of heal wounds for 250 gold pieces
 31396 | Orc:2    | Bought a condenser vane for 1000 gold pieces
 31396 | Orc:2    | Bought a potion of haste for 250 gold pieces
 31614 | D:11     | Found a transporter.
 32593 | D:11     | Found a transporter.
 33074 | D:11     | Splashed with acid

Illustrated notes

Levels and vault maps discovered:
D:1:      elethiomel_arrival_maze, layout_basic
D:2:      layout_rooms, nicolae_overflow_hidden_temple, kennysheep_flooded_box,
          minmay_misc_feat_tiny, minmay_octomino_j4, uniq_jessica
D:3:      layout_basic, lemuel_round_altar
D:4:      kennysheep_six_static_rooms, layout_cave_pools,
          dancing_weapons_uskayaw, nicolae_ossuary_entry_giza,
          kennysheep_diamond, hangedman_decor_lopped
D:5:      layout_gridville, minmay_temple_entry_butterflies, uniq_grinder
D:6:      layout_basic, nzn_hepliaklqana_mist_gate
D:7:      layout_rooms
D:8:      layout_basic, overflow_temple_1_default,
          nicolae_overflow_crystal_walls, due_lair_maze_entry_diamond,
          special_room [special_room_orc], uniq_psyche, uniq_grum
D:9:      layout_roguey
D:10:     minmay_octagon_keep, layout_long_grid, orc_0_dummy, serial_shops,
          nicolae_shop_statue_plus, basic_altar
D:11:     gammafunk_cloud_chamber, layout_loops_ring
Lair:1:   layout_loops_ring, basic_altar, nicolae_quartered_pool_little,
          chequers_serial_rivers_small_b, serial_bayou_pond_e,
          serial_bayou_shore_b, grunt_megastairs_3
Lair:2:   layout_hall_layers, guppyfry_snake_entry_island
Lair:3:   layout_gridlike, minmay_swamp_entry_swarm
Lair:4:   layout_gridlike
Lair:5:   cheibrodos_magma_flow, layout_cave_pods, lemuel_fruit_fields,
          infiniplex_staircase_pool_2
Lair:6:   minmay_lair_end_frog_pond, layout_cave_pods,
          dpeg_slime_entry_enclosed_altar
Orc:1:    layout_diamond_mine, basic_altar, nicolae_orc_pool_cavern,
          mines4_lemuel
Orc:2:    grunt_orc_community_town_hall, layout_caves,
          grunt_orc_community_big_house_1, grunt_orc_community_big_house_1,
          grunt_orc_community_house_2, grunt_orc_community_house_3,
          grunt_orc_community_house_3, grunt_orc_community_house_2,
          grunt_orc_community_house_1, grunt_orc_community_house_2,
          guppyfry_orc_lava_fort

Skill      XL: |  1  2  3  4  5  6  7  8  9 10 11 12 13 14 |
---------------+-------------------------------------------+-----
Earth Magic    | 4 5 6 7 8 10 11 12 13 14 15 16 17 | 17.6
Conjurations   | 1 2 4 |  4.4
Fighting       | 2 4 5 6 7 |  7.9
Dodging        | 2 3 4 5 6 7 8 |  8.2
Stealth        | 3 5 6 7 8 |  8.4
Spellcasting   | 3 4 5 6 |  6.5
Maces & Flails | 2 5 7 9 11 12 | 12.3
Armour         | 3 |  3.0
Transmutations | |  0.7

Action                   |  1- 3 |  4- 6 |  7- 9 | 10-12 | 13-15 || total
-------------------------+-------+-------+-------+-------+-------++-------
Melee: Hand axe          |    11 |       |       |       |       ||    11
       Quarterstaff      |    12 |   162 |   203 |       |       ||   377
       Morningstar       |       |       |    52 |   307 |   674 ||  1033
 Cast: Sandblast         |    22 |    35 |    79 |    29 |    19 ||   184
       Passwall          |     2 |       |       |     5 |     4 ||    11
       Stone Arrow       |       |    11 |    51 |   101 |   148 ||   311
       Lee's Rapid Decon |       |       |    25 |   103 |   148 ||   276
       Petrify           |       |       |       |     4 |     7 ||    11
Invok: Potion Petition   |       |       |       |     1 |     1 ||     2
       Call Merchant     |       |       |       |     1 |     2 ||     3
 Abil: Fly               |       |       |       |       |     1 ||     1
Evoke: Wand              |       |       |       |     3 |     2 ||     5
       Lightning rod     |       |       |       |       |     6 ||     6
  Use: Scroll            |       |     8 |     4 |    15 |    11 ||    38
       Potion            |       |       |       |     1 |     6 ||     7
 Stab: Sleeping          |     2 |     5 |     3 |     5 |    10 ||    25
       Distracted        |     1 |     1 |       |     3 |     8 ||    13
       Petrified         |       |       |       |       |     5 ||     5
       Invisible         |       |       |       |       |     2 ||     2
       Petrifying        |       |       |       |       |     1 ||     1
Armor: Robe              |     6 |    55 |   138 |   135 |       ||   334
       Troll leather arm |       |       |       |    32 |   229 ||   261
Dodge: Dodged            |    16 |    87 |   200 |   320 |   510 ||  1133
Block: Other             |       |    39 |    72 |   104 |   138 ||   353
       Reflection        |       |     2 |     1 |     1 |     3 ||     7
